 Dungeon Crawl Stone Soup version 0.22-a0-605-g9281fa2 (webtiles) character file.

1283 sking99 the Insei (level 8, -2/42 HPs)
             Began as a Vine Stalker Transmuter on July 8, 2018.
             Was a Believer of Nemelex Xobeh.
             Slain by a sky beast (6 damage)
             ... on level 6 of the Dungeon.
             The game lasted 00:11:06 (5349 turns).

sking99 the Insei (Vine Stalker Transmuter)         Turns: 5349, Time: 00:11:07

Health: -2/42      AC:  3    Str: 14    XL:     8   Next: 55%
Magic:  0/12       EV: 12    Int: 14    God:    Nemelex Xobeh [**....]
Gold:   234        SH:  0    Dex: 15    Spells: 8/11 levels left

rFire    . . .     SeeInvis .     - Unarmed
rCold    . . .     Gourm    .   (no shield)
rNeg     . . .     Faith    .   b - +0 robe
rPois    .         Spirit   +   (no helmet)
rElec    .         Reflect  .   (no cloak)
rCorr    .         Harm     .   m - +0 pair of gloves
MR       +....                  (no boots)
Stlth    +.........             (no amulet)
HPRegen  0.54/turn              (no ring)
MPRegen  0.13/turn              (no ring)

@: no status effects
A: fangs 3, regeneration 1, magic shield, antimagic bite, no potion heal 3, rot
immunity
a: Renounce Religion


You were on level 6 of the Dungeon.
You worshipped Nemelex Xobeh.
Nemelex Xobeh was pleased with you.
You were near starving.

You visited 1 branch of the dungeon, and saw 6 of its levels.

You collected 234 gold pieces.

Inventory:

Missiles
 a - 62 arrows
Armour
 b - a +0 robe (worn)
 m - a +0 pair of gloves (worn)
Jewellery
 g - an uncursed ring of resist corrosion {unknown}
 j - an uncursed ring of positive energy {unknown}
 u - a +5 ring of dexterity {unknown}
Scrolls
 c - 7 scrolls of remove curse {unknown}
 f - 3 scrolls of identify {unknown}
 i - 7 scrolls of teleportation {unknown}
 l - a scroll of magic mapping {unknown}
 n - a scroll of random uselessness {unknown}
 q - 2 scrolls of noise {unknown}
 w - a scroll of fear {unknown}
Potions
 e - a potion of haste {unknown}
 h - 2 potions of curing {unknown}
 o - a potion of degeneration {unknown}
 p - a potion of agility {unknown}
 r - a potion of invisibility {unknown}
 s - a potion of lignification {unknown}
 t - a potion of might {unknown}
 v - a potion of brilliance {unknown}
Miscellaneous
 k - a plain deck of escape {drawn: 4}
 x - an ornate deck of summoning
Comestibles
 d - 15 rations


   Skills:
 + Level 4.3 Fighting
 - Level 1.5 Dodging
 * Level 7.5 Unarmed Combat
 - Level 2.1 Spellcasting
 - Level 5.0 Transmutations
 + Level 2.6 Invocations


You had 8 spell levels left.
You knew the following spells:

 Your Spells              Type           Power        Failure   Level  Hunger
a - Beastly Appendage     Tmut           ###...       3%          1    #......
b - Sticks to Snakes      Tmut           ###.....     4%          2    ###....

Your spell library contained the following spells:

 Spells                   Type           Power        Failure   Level  Hunger
 Spider Form              Tmut/Pois      #.........   26%         3    ###....
 Blade Hands              Tmut           ###.......   63%         5    ######.
 Ice Form                 Ice/Tmut       #.......     63%         4    #####..


Dungeon Overview and Level Annotations

Branches:
Dungeon (6/15)
 Temple: D:4-7

Altars:
Ashenzari
Fedhas
Gozag
Hepliaklqana
Makhleb
Nemelex Xobeh
Ru
Wu Jian
Xom
Zin

Annotations:
D:4 3 runed doors, Amnesiac's ghost, amateur DETm
D:5 1 runed door, sking99's ghost, novice OpTm


Innate Abilities, Weirdness & Mutations

You have razor-sharp teeth.
Your natural rate of healing is unusually fast.
When hurt, damage is shared between your health and your magic reserves.
Your bite disrupts and absorbs the magic of your enemies.
Potions cannot restore your health.
You are immune to rotting.


Message History

Evoke which item? (* to show all) (? for menu, Esc to quit)
Okay, then.
You punch something! Something hits you.
* * * LOW HITPOINT WARNING * * *
Something shocks you.
* * * LOW HITPOINT WARNING * * *
Evoke which item? (* to show all) (? for menu, Esc to quit)
You draw a card...
It is the Cloud.
Clouds appear around you! Something hits you but does no damage.
Something hits you.
* * * LOW HITPOINT WARNING * * *
Something shocks you.
* * * LOW HITPOINT WARNING * * *
Evoke which item? (* to show all) (? for menu, Esc to quit)
You draw a card...
It is the Shaft.
A shaft materialises beneath you! Something hits you.
* * * LOW HITPOINT WARNING * * *
Something shocks you.
You die...
Your body glows with a rainbow of weird colours and disappears.

###.. .#######.#
#.# #. .....
.........#
#.####. #....
########.#
#...... #....
#....##.# #####..
.#....###.#.....#
#.. ..../....
#..#### #..
.....§§§###..#
##.
#....§.{.....#
....
#######§@...##
###. #..#### #.
#..# ## #...
#.### #.# #.# #.


There were no monsters in sight!

Vanquished Creatures
  A sky beast (D:6)
  A hornet zombie (D:5)
  A boggart (D:5)
  2 centaurs
  A scorpion (D:5)
  A howler monkey (D:4)
  A bullfrog zombie (D:5)
  5 hounds
  Jessica (D:2)
  2 iguanas (D:5)
  Natasha (thrice) (D:3)
  4 worker ants
  13 gnolls
  6 adders
  An adder skeleton (D:4)
  A worm (D:2)
  3 dart slugs
  4 leopard geckos
  6 orcs
  2 ball pythons
  10 bats
  2 giant cockroaches
  3 goblins
  2 hobgoblins
  7 jackals
  6 kobolds
  3 quokkas
  11 frilled lizards
  9 rats
112 creatures vanquished.

Vanquished Creatures (collateral kills)
  An orc warrior (D:5)
1 creature vanquished.

Grand Total: 113 creatures vanquished

Notes
Turn   | Place    | Note
-------+----------+-------------------------------------------
     0 | D:1      | sking99 the Vine Stalker Transmuter began the quest for the Orb.
     0 | D:1      | Reached XP level 1. HP: 9/9 MP: 4/4
   145 | D:1      | Reached skill level 1 in Fighting
   238 | D:1      | Found a sparkling altar of Nemelex Xobeh.
   242 | D:1      | Became a worshipper of Nemelex Xobeh the Trickster
   277 | D:1      | Reached XP level 2. HP: 14/14 MP: 6/6
   282 | D:1      | Received a gift from Nemelex Xobeh
  1089 | D:2      | Reached XP level 3. HP: 13/18 MP: 4/7
  1472 | D:2      | Found a faded altar of an unknown god.
  1729 | D:2      | Reached skill level 4 in Unarmed Combat
  1750 | D:2      | Gained mutation: Your natural rate of healing is unusually fast. [Vine Stalker growth]
  1750 | D:2      | Reached XP level 4. HP: 5/23 MP: 2/8
  1821 | D:2      | Found a sacrificial altar of Ru.
  1821 | D:2      | Found a hazy altar of Hepliaklqana.
  1822 | D:2      | Received a gift from Nemelex Xobeh
  1901 | D:2      | Noticed Jessica
  1905 | D:2      | Killed Jessica
  1910 | D:2      | Learned a level 2 spell: Sticks to Snakes
  1941 | D:2      | Reached * piety under Nemelex Xobeh
  2267 | D:3      | Found a shimmering altar of Xom.
  2303 | D:3      | Reached XP level 5. HP: 26/26 MP: 9/9
  2434 | D:3      | Found a glowing silver altar of Zin.
  2435 | D:3      | Noticed an angel
  2536 | D:3      | Noticed Natasha
  2544 | D:3      | Killed Natasha
  2694 | D:3      | Found an ornate altar of the Wu Jian Council.
  2949 | D:3      | Noticed Natasha
  2961 | D:3      | Killed Natasha
  2961 | D:3      | Reached skill level 5 in Unarmed Combat
  3004 | D:3      | Found a burning altar of Makhleb.
  3004 | D:3      | Noticed a cacodemon
  3039 | D:3      | Noticed Natasha
  3048 | D:3      | Killed Natasha
  3048 | D:3      | Reached XP level 6. HP: 26/32 MP: 7/10
  3247 | D:4      | Found an opulent altar of Gozag.
  3515 | D:4      | Found a runed gate.
  3515 | D:4      | Found a runed gate.
  3515 | D:4      | Found a runed gate.
  3552 | D:4      | Noticed Amnesiac's ghost (amateur DETm)
  3630 | D:4      | Found a shattered altar of Ashenzari.
  3872 | D:4      | Reached XP level 7. HP: 30/36 MP: 9/11
  3923 | D:4      | Reached skill level 6 in Unarmed Combat
  4023 | D:4      | Reached ** piety under Nemelex Xobeh
  4033 | D:4      | Found a blossoming altar of Fedhas.
  4041 | D:4      | Received a gift from Nemelex Xobeh
  4293 | D:5      | Entered Level 5 of the Dungeon
  4358 | D:5      | Reached skill level 1 in Invocations
  4481 | D:5      | Found a runed door.
  4546 | D:5      | Gained mutation: You have razor-sharp teeth. [Vine Stalker growth]
  4546 | D:5      | Reached XP level 8. HP: 37/42 MP: 9/12
  4638 | D:5      | Reached skill level 7 in Unarmed Combat
  4948 | D:5      | Received a gift from Nemelex Xobeh
  5219 | D:5      | Noticed sking99's ghost (novice OpTm)
  5268 | D:6      | Reached skill level 5 in Transmutations
  5349 | D:6      | Slain by a sky beast

Vault maps used:
D:1:      mrwooster_arrival_statue, nemelex_diamond_rough_becter
D:2:      gammafunk_temple_overflow_pools, chequers_ecumenical_altar_lobes,
          minmay_stone_trees_medium, uniq_jessica
D:3:      zin_angel, lemuel_doored_altar, overflow_temple_1_default,
          makhleb_altar_promises_db, serial_forest,
          infiniplex_forest_straight_3, infiniplex_forest_pool,
          infiniplex_forest_clump_curved, infiniplex_forest_clump_double,
          infiniplex_forest_lined_room_3, infiniplex_forest_straight_1,
          uniq_natasha
D:4:      grunt_gozag_breadcrumbs, fedhas_bush_and_centaur_altar,
          gammafunk_ghost_split, first_ration, cheibrodos_ashenzari_chains
D:5:      gammafunk_ghost_grave

Skill      XL: |  1  2  3  4  5  6  7  8 |
---------------+-------------------------+-----
Fighting       | 1 2 3 4 |  4.3
Unarmed Combat | 4 5 6 7 |  7.5
Transmutations | 3 4 5 |  5.0
Invocations    | 1 2 |  2.6
Dodging        | |  1.5
Spellcasting   | |  2.1

Action                   |  1- 3 |  4- 6 |  7- 9 || total
-------------------------+-------+-------+-------++-------
Melee: Unarmed           |   103 |   232 |   138 ||   473
       Bite              |    27 |    57 |    36 ||   120
       Punch             |     2 |     3 |     5 ||    10
       Headbutt          |     1 |     1 |     3 ||     5
       Kick              |       |       |     2 ||     2
 Cast: Beastly Appendage |     2 |     2 |     2 ||     6
Evoke: Deck              |       |     1 |     7 ||     8
 Stab: Sleeping          |     3 |     2 |       ||     5
       Distracted        |       |       |     1 ||     1
  Eat: Chunk             |     3 |     7 |     3 ||    13
Armor: Robe              |    25 |    34 |    19 ||    78
Dodge: Dodged            |    72 |   124 |    65 ||   261

Table legend:
 A = Spawn XP
 B = Non-spawn XP
 C = Spawn XP percentage of total XP
 D = Spawn monster count
 E = Non-spawn monster count
 F = Spawn count percentage of total count
 G = Total turns spent on level
                    A         B        C        D         E        F      G
               +---------+---------+-------+---------+---------+-------+---------
         Total |       0 |    1834 |   0.0 |       0 |     113 |   0.0 |  5349
               +---------+---------+-------+---------+---------+-------+---------
           D:1 |       0 |      23 |   0.0 |       0 |      13 |   0.0 |  1256
           D:2 |       0 |     129 |   0.0 |       0 |      31 |   0.0 |  1010
           D:3 |       0 |     192 |   0.0 |       0 |      24 |   0.0 |   932
           D:4 |       0 |     550 |   0.0 |       0 |      29 |   0.0 |  1095
           D:5 |       0 |     761 |   0.0 |       0 |      14 |   0.0 |   944
           D:6 |       0 |     179 |   0.0 |       0 |       2 |   0.0 |   112
               +---------+---------+-------+---------+---------+-------+---------
